Map: Deathaura LE

Players

cyan

  • Race: Protoss Protoss
  • League: Master
  • Spawn Location: 11:00

Stats - Winner!

  • Race: Protoss Protoss
  • League: Grandmaster
  • Spawn Location: 5:00

VOD

Have the link to the VOD?

Description

Time

  • Played on: Sept. 22, 2020, 6:35 a.m.
  • Length: 19:54
Show
View Real Time Build Order
Export as new Build Order

cyan Protoss 

Build Orders: Phoenix Opening 

Get SALT Encoding   

  12  0:00  Probe  
  13  0:12  Probe  
  14  0:19  Pylon  
  14  0:24  Probe (Chrono Boost)  
  15  0:37  Probe (Chrono Boost)  
  15  0:39  Gateway  
  16  0:45  Probe (Chrono Boost)  
  16  0:49  Assimilator  
  17  0:51  Probe  
  18  0:57  Assimilator  
  18  1:04  Probe (Chrono Boost)  
  19  1:09  Gateway  
  19  1:13  Probe (Chrono Boost)  
  20  1:18  Probe (Chrono Boost)  
  21  1:26  Cybernetics Core  
  21  1:30  Probe  
  22  1:35  Pylon  
  22  1:43  Probe  
  23  1:55  Probe  
  24  2:03  Stalker x2  
  28  2:11  Pylon  
  28  2:18  Stargate  
  28  2:22  Probe  
  29  2:27  Warp Gate  
  29  2:34  Probe  
  29  2:36  Stalker  
  32  2:52  Stalker  
  32  2:56  Shield Battery  
  34  3:03  Phoenix (Chrono Boost)  
  36  3:06  Shield Battery  
  36  3:17  Pylon  
  36  3:21  Phoenix  
  38  3:30  Shield Battery  
  38  3:39  Probe  
  39  3:44  Nexus  
  39  3:47  Phoenix  
  40  3:54  Pylon  
  40  4:05  Twilight Council  
  40  4:07  Probe  
  41  4:18  Stalker  
  41  4:21  Stalker  
  45  4:28  Shield Battery  
  45  4:29  Probe  
  46  4:42  Probe  
  47  4:53  Blink  
  47  4:54  Probe (Chrono Boost)  
  47  4:57  Probe (Chrono Boost)  
  47  4:59  Stalker  
  47  5:06  Probe (Chrono Boost)  
  48  5:09  Probe (Chrono Boost)  
  48  5:11  Probe (Chrono Boost)  
  50  5:14  Stalker, Probe (Chrono Boost)  
  54  5:25  Probe (Chrono Boost)  
  54  5:26  Pylon, Probe (Chrono Boost)  
  55  5:33  Probe (Chrono Boost)  
  55  5:34  Forge, Probe (Chrono Boost)  
  57  5:40  Probe  
  58  5:44  Probe  
  59  5:51  Nexus  
  59  5:52  Probe  
  59  5:53  Pylon  
  59  5:56  Probe  
  61  5:59  Assimilator  
  61  6:05  Protoss Ground Weapons Level 1 (Chrono Boost), Robotics Facility, Probe  
  61  6:08  Assimilator  
  62  6:11  Probe  
  62  6:14  Shield Battery  
  62  6:17  Sentry, Probe  
  66  6:23  Gateway, Probe  
  67  6:26  Sentry  
  67  6:29  Probe  
  70  6:37  Shield Battery  
  70  6:40  Shield Battery  
  70  6:42  Probe  
  71  6:49  Gateway  
  71  6:50  Gateway  
  71  6:52  Stalker x2  
  75  6:56  Observer  
  75  6:59  Probe  
  75  7:00  Photon Cannon  
  77  7:02  Probe (Chrono Boost)  
  77  7:03  Probe (Chrono Boost)  
  77  7:05  Charge (Chrono Boost)  
  79  7:14  Probe (Chrono Boost)  
  79  7:15  Probe (Chrono Boost)  
  82  7:17  Probe (Chrono Boost)  
  82  7:19  Immortal  
  82  7:22  Probe x2 (Chrono Boost)  
  88  7:25  Probe (Chrono Boost)  
  89  7:30  Gateway  
  89  7:35  Templar Archives, Probe  
  90  7:40  Gateway, Probe  
  90  7:43  Gateway  
  91  7:44  Gateway  
  91  7:46  Probe  
  91  7:48  Assimilator  
  91  7:49  Probe  
  91  7:50  Assimilator  
  93  7:53  Pylon  
  93  7:59  Gateway, Pylon  
  93  8:05  Protoss Ground Weapons Level 2 (Chrono Boost)  
  93  8:06  Pylon  
  93  8:11  Warp Prism (Chrono Boost)  
  95  8:14  High Templar x2  
  99  8:20  Archon  
  99  8:21  Pylon  
  99  8:34  Nexus  
  99  8:35  Stalker, High Templar x2  
  99  8:37  Pylon, Probe x3  
  99  8:40  Archon  
  108  8:43  Photon Cannon  
  108  8:46  Observer (Chrono Boost)  
  108  8:48  Gateway  
  109  8:49  Probe  
  109  8:51  Probe  
  109  8:55  Probe  
  112  9:02  High Templar x2  
  116  9:03  Stalker x2  
  116  9:05  Probe  
  116  9:06  Archon, Stalker  
  116  9:07  Zealot  
  116  9:08  Zealot x2  
  129  9:13  Stalker  
  129  9:15  Probe x2  
  133  9:28  Pylon  
  133  9:29  Pylon  
  133  9:30  Robotics Facility  
  133  9:32  Pylon  
  133  9:34  Robotics Bay  
  133  9:46  Probe x2  
  133  9:48  Probe  
  136  10:05  Probe  
  137  10:08  Probe x2  
  137  10:09  Probe  
  137  10:10  Assimilator  
  137  10:11  Assimilator  
  137  10:12  Dark Shrine  
  140  10:18  Disruptor x2 (Chrono Boost)  
  140  10:19  Gravitic Drive (Chrono Boost)  
  140  10:21  Pylon x2  
  140  10:23  Pylon  
  140  10:27  Photon Cannon  
  140  10:28  Photon Cannon  
  146  10:29  Photon Cannon  
  146  10:33  Photon Cannon  
  146  10:36  Shield Battery  
  146  10:38  Pylon  
  146  10:39  Pylon  
  146  10:41  Shield Battery  
  146  10:44  Shield Battery, Observer  
  146  10:47  Photon Cannon, Shield Battery  
  146  10:51  Photon Cannon  
  146  10:54  Pylon  
  146  10:55  Disruptor x2 (Chrono Boost)  
  152  11:02  Protoss Ground Weapons Level 3 (Chrono Boost)  
  152  11:07  Nexus  
  152  11:09  Gravitic Boosters  
  152  11:11  Oracle, Pylon  
  155  11:13  Pylon  
  155  11:16  Disruptor x2 (Chrono Boost)  
  159  11:19  High Templar x2, Zealot  
  159  11:20  Zealot x4  
  159  11:25  Archon  
  171  11:43  Stalker x3  
  171  11:44  Stalker x4, Shadow Stride (Chrono Boost)  
  171  11:46  Photon Cannon  
  185  11:48  Disruptor x2 (Chrono Boost)  
  185  11:49  Photon Cannon  
  191  12:16  Photon Cannon, Disruptor, Gateway  
  191  12:17  Photon Cannon  
  191  12:20  Shield Battery, Gateway  
  170  12:49  Dark Templar x3  
  170  12:50  Dark Templar x6  
  176  12:54  Oracle  
  176  12:55  Probe x2  
  176  12:56  Probe x3  
  184  13:04  Assimilator  
  184  13:06  Stalker  
  184  13:07  Assimilator  
  184  13:09  Shield Battery  
  186  13:17  Disruptor x2  
  192  13:22  Stalker x4  
  176  13:53  Disruptor x2  
  170  14:21  Stalker  
  170  14:22  Stalker x8  
  184  14:28  Stalker, Disruptor x2  
  184  14:29  Stargate  
  192  14:32  Stargate  
  181  15:00  Fleet Beacon  
  181  15:02  Oracle  
  181  15:05  Dark Templar x4, Zealot x4  
  181  15:06  Zealot  
  199  15:07  Shield Battery  
  199  15:09  Photon Cannon  
  199  15:11  Protoss Shields Level 1 (Chrono Boost), Photon Cannon  
  197  15:22  Protoss Air Weapons Level 1 (Chrono Boost)  
  197  15:32  Zealot  
  191  15:56  Zealot x4  
  129  16:09  Stalker x3, Disruptor (Chrono Boost)  
  129  16:10  Stalker x6  
  119  16:22  Dark Templar x3  
  114  16:37  Probe x4  
  114  16:38  Dark Templar x2  
  114  16:39  Probe  
  119  16:48  Dark Templar x3  
  119  16:49  Dark Templar x2  
  119  16:50  Probe x2 (Chrono Boost)  
  131  16:55  Probe (Chrono Boost)  
  131  16:56  Probe (Chrono Boost)  
  131  17:00  Probe (Chrono Boost)  
  136  17:02  Probe x2 (Chrono Boost)  
  136  17:04  Assimilator, Probe (Chrono Boost)  
  136  17:05  Archon x4, Probe (Chrono Boost)  
  136  17:07  Photon Cannon, Probe x2 (Chrono Boost)  
  140  17:08  Probe (Chrono Boost)  
  140  17:09  Photon Cannon  
  140  17:10  Photon Cannon  
  140  17:12  Shield Battery  
  140  17:14  Photon Cannon  
  141  17:16  Stalker x4  
  146  17:29  Dark Templar x2, Zealot  
  136  17:30  Zealot x4  
  136  17:31  Probe  
  134  17:38  Probe x2  
  134  17:39  Probe x2  
  134  17:43  Zealot x3, Probe  
  134  17:44  Zealot x2  
  149  17:50  Shield Battery, Probe  
  149  17:51  Probe x3  
  153  17:52  Shield Battery  
  153  17:54  Pylon  
  153  17:55  Photon Cannon, Probe  
  154  17:59  Photon Cannon, Pylon  
  154  18:00  Pylon  
  154  18:03  Photon Cannon, Probe x4  
  154  18:05  Photon Cannon  
  158  18:07  Archon  
  158  18:11  Carrier (Chrono Boost)  
  151  18:13  Carrier (Chrono Boost)  
  161  18:21  Carrier (Chrono Boost)  
  166  18:31  Disruptor (Chrono Boost)  
  166  18:33  Disruptor (Chrono Boost)  
  170  18:53  Stalker x2  
  174  18:58  Disruptor (Chrono Boost)  
  174  18:59  Disruptor  
  178  19:08  Nexus  
  168  19:27  Dark Templar  
  123  19:43  Dark Templar x3  
Show
View Real Time Build Order
Export as new Build Order

Stats Protoss - Winner!

Build Orders: Oracle Opening 

Get SALT Encoding   

  12  0:00  Probe  
  13  0:12  Probe  
  14  0:17  Pylon  
  14  0:24  Probe (Chrono Boost)  
  15  0:36  Gateway, Probe (Chrono Boost)  
  16  0:45  Assimilator, Probe (Chrono Boost)  
  17  0:51  Probe  
  17  0:54  Assimilator  
  18  1:03  Probe (Chrono Boost)  
  19  1:07  Gateway  
  19  1:14  Probe (Chrono Boost)  
  20  1:18  Probe (Chrono Boost)  
  20  1:23  Cybernetics Core  
  21  1:29  Probe  
  22  1:34  Pylon  
  22  1:41  Probe  
  24  1:59  Stargate  
  24  2:00  Adept  
  25  2:02  Adept  
  27  2:10  Warp Gate  
  27  2:14  Pylon  
  27  2:16  Probe  
  28  2:32  Stalker  
  30  2:37  Probe  
  31  2:44  Oracle (Chrono Boost)  
  31  2:45  Pylon  
  33  3:13  Shield Battery  
  33  3:22  Shield Battery  
  33  3:25  Probe  
  34  3:27  Twilight Council  
  34  3:37  Probe  
  35  3:46  Nexus  
  35  3:48  Pylon  
  35  3:57  Stalker  
  35  3:58  Stalker  
  39  4:05  Blink  
  39  4:06  Probe  
  39  4:07  Shield Battery  
  40  4:18  Probe  
  41  4:30  Probe  
  42  4:36  Stalker x2  
  44  4:50  Probe (Chrono Boost)  
  43  4:59  Probe (Chrono Boost)  
  45  5:08  Probe (Chrono Boost)  
  45  5:09  Probe (Chrono Boost)  
  45  5:14  Probe (Chrono Boost)  
  47  5:16  Probe  
  48  5:23  Nexus  
  48  5:24  Nexus  
  48  5:26  Pylon, Probe  
  49  5:28  Sentry, Probe  
  49  5:29  Sentry  
  54  5:38  Probe  
  54  5:40  Probe  
  54  5:41  Gateway  
  56  5:49  Shield Battery  
  56  5:50  Probe  
  56  5:52  Sentry, Probe  
  56  5:53  Sentry  
  56  5:56  Assimilator  
  62  5:57  Gateway  
  62  6:05  Probe x2  
  64  6:13  Forge  
  64  6:14  Pylon  
  64  6:15  Robotics Facility  
  64  6:19  Stalker  
  64  6:22  Stalker  
  64  6:23  Probe  
  64  6:25  Probe  
  70  6:32  Protoss Ground Weapons Level 1 (Chrono Boost)  
  67  6:36  Probe (Chrono Boost)  
  67  6:37  Probe (Chrono Boost)  
  67  6:38  Probe (Chrono Boost)  
  68  6:46  Charge, Probe (Chrono Boost)  
  71  6:47  Probe x2 (Chrono Boost)  
  71  6:50  Phoenix  
  71  6:51  Probe (Chrono Boost)  
  71  6:52  Probe x2 (Chrono Boost)  
  74  7:02  Probe  
  74  7:03  Probe  
  74  7:04  Probe  
  74  7:07  Observer  
  78  7:12  Gateway  
  78  7:13  Pylon  
  78  7:14  Gateway, Probe  
  79  7:15  Probe  
  79  7:16  Probe  
  81  7:25  Assimilator  
  81  7:26  Probe  
  81  7:27  Probe  
  81  7:28  Probe  
  81  7:29  Assimilator  
  84  7:31  Assimilator  
  84  7:35  Stalker x3  
  84  7:36  Stalker  
  92  7:38  Probe  
  92  7:39  Phoenix x2  
  92  7:40  Probe x2  
  95  7:47  Pylon  
  95  7:49  Robotics Bay  
  95  7:52  Robotics Facility  
  95  7:55  Shield Battery, Probe  
  95  7:56  Probe x2  
  98  8:00  Pylon  
  98  8:09  Observer (Chrono Boost)  
  99  8:18  Nexus, Pylon  
  99  8:19  Pylon  
  99  8:20  Pylon  
  99  8:22  Gateway  
  99  8:24  Gateway, Pylon  
  99  8:28  Observer  
  99  8:33  Pylon  
  99  8:35  Protoss Ground Weapons Level 2 (Chrono Boost)  
  105  8:46  Extended Thermal Lance  
  111  8:50  Disruptor x2 (Chrono Boost)  
  111  8:52  Stalker x5  
  111  8:55  Stalker, Observer  
  117  9:07  Probe x3  
  117  9:09  Observer  
  120  9:12  Shield Battery x2  
  120  9:20  Disruptor x2  
  123  9:32  Zealot x6  
  123  9:33  Probe x4  
  139  9:42  Photon Cannon  
  139  9:45  Probe x4  
  142  9:47  Phoenix x2  
  142  9:57  Disruptor x2  
  148  10:01  Photon Cannon  
  148  10:04  Photon Cannon  
  148  10:11  Assimilator  
  148  10:12  Assimilator  
  148  10:19  Templar Archives, Gateway  
  148  10:20  Gateway  
  148  10:22  Photon Cannon  
  148  10:25  Gateway  
  148  10:28  Gateway, Probe x4  
  164  10:39  Disruptor x2 (Chrono Boost)  
  158  10:44  Gravitic Boosters  
  158  10:45  Forge  
  158  10:50  Dark Shrine  
  158  10:53  Photon Cannon  
  158  10:56  Photon Cannon  
  158  10:57  Photon Cannon  
  158  11:00  Protoss Ground Weapons Level 3 (Chrono Boost)  
  158  11:03  Zealot x7  
  172  11:15  Pylon  
  172  11:17  Pylon  
  172  11:18  Pylon  
  172  11:21  Nexus  
  172  11:23  Pylon  
  172  11:27  Warp Prism, Pylon  
  172  11:29  Observer  
  171  11:39  Observer  
  159  11:50  High Templar x4  
  159  11:51  Zealot x4, High Templar x2, Observer  
  179  11:57  Archon x3  
  179  11:58  Zealot x2  
  180  12:13  Colossus  
  180  12:14  Observer  
  187  12:19  Zealot x6  
  199  12:27  Zealot  
  199  12:28  Zealot x5  
  198  12:36  Observer  
  160  12:52  High Templar x7  
  160  12:53  High Templar, Zealot x4  
  160  12:55  Protoss Shields Level 1 (Chrono Boost)  
  160  12:56  Archon x4  
  184  12:58  Probe x2  
  184  12:59  Probe x3  
  184  13:04  Pylon  
  189  13:22  Stalker x4  
  189  13:26  Stalker, Shield Battery  
  199  13:27  Photon Cannon  
  199  13:29  Photon Cannon  
  199  13:31  Protoss Ground Armor Level 1 (Chrono Boost)  
  199  13:32  Photon Cannon  
  180  13:38  Observer  
  180  13:39  Observer  
  180  13:41  Zealot x7  
  174  13:49  High Templar  
  174  13:50  Stalker, High Templar x3  
  174  13:53  Archon  
  174  13:54  Archon  
  182  14:01  Stalker  
  182  14:02  Stalker x5  
  192  14:08  Assimilator  
  192  14:09  Assimilator  
  182  14:16  Observer  
  173  14:17  Disruptor x2 (Chrono Boost)  
  173  14:24  Zealot x8  
  181  14:25  Stalker x3  
  183  14:49  Disruptor x2 (Chrono Boost)  
  181  15:06  Zealot x10  
  199  15:13  Stargate  
  199  15:27  Shield Battery  
  199  15:29  Shield Battery  
  199  15:31  Shield Battery  
  199  15:33  Photon Cannon  
  199  15:35  Photon Cannon  
  199  15:40  Nexus  
  199  15:41  Pylon  
  174  15:55  Zealot x2  
  174  15:56  Zealot x10  
  186  16:02  Probe x2  
  186  16:03  Probe x2  
  186  16:04  Probe  
  154  16:12  Protoss Ground Armor Level 2 (Chrono Boost)  
  154  16:13  Protoss Shields Level 2 (Chrono Boost)  
  141  16:25  Disruptor (Chrono Boost)  
  141  16:26  Disruptor (Chrono Boost)  
  133  16:39  Zealot x6  
  126  16:47  High Templar x3  
  126  16:48  High Templar x3  
  138  16:56  Archon x2  
  138  16:57  Archon  
  138  16:58  Disruptor x2 (Chrono Boost)  
  138  17:01  Stalker x6  
  150  17:06  Shield Battery  
  150  17:08  Photon Cannon  
  156  17:10  Photon Cannon x2  
  128  17:30  Observer  
  128  17:32  Disruptor (Chrono Boost)  
  128  17:33  Disruptor (Chrono Boost)  
  124  17:39  High Templar, Shadow Stride (Chrono Boost)  
  124  17:40  Stalker x3, High Templar x3  
  124  17:41  Stalker x5  
  148  17:44  Archon x2  
  144  18:05  Disruptor (Chrono Boost)  
  142  18:06  Observer (Chrono Boost)  
  142  18:07  Zealot x8  
  154  18:28  High Templar x2, Zealot x10  
  178  18:36  Archon  
  178  18:39  Disruptor x2  
  184  19:01  Stalker x5  
  194  19:10  Nexus  
  194  19:11  Pylon  
  192  19:21  Observer x3  
  172  19:45  Stalker x9  
  180  19:46  Stalker x3  
Tags
 
Add a new tag
Caveats
  • Supply blocks, unpowered buildings, or Contaminate may cause inaccurate times.
  • Supply counts are checked every 10 seconds.